 Dungeon Crawl Stone Soup version 0.30-a0-279-g4b46babb21 (webtiles) character file.

Game seed: 7080860775425466796

235300 Bnni the Warrior (level 17, -11/147 HPs)
             Began as a Demonspawn Warper on Oct 16, 2022.
             Was the Champion of Jiyva.
             Killed from afar by a merfolk aquamancer (29 damage)
             ... with a torrent of water
             ... on level 4 of the Shoals.
             The game lasted 01:43:48 (23532 turns).

Bnni the Warrior (Demonspawn Warper)               Turns: 23532, Time: 01:43:49

Health: -11/147    AC: 26    Str: 19    XL:     17   Next: 97%
Magic:  20/20      EV: 19    Int: 14    God:    Jiyva [******]
Gold:   1097       SH:  0    Dex: 31    Spells: 21/33 levels left

rFire   + . .      SeeInvis +    d - +6 arbalest "Damnation" {damnation}
rCold   + . .      Faith    .    (shield currently unavailable)
rNeg    + . .      Spirit   .    D - +8 chain mail of Maxo {rPois rF- MP-9 Slay+6}
rPois   +          Reflect  .    (helmet unavailable)
rElec   +          Harm     .    O - scarf {rC+ rF+}
rCorr   +          Rampage  .    U - +0 pair of gloves
Will    +++..      Clarity  +    t - +1 pair of boots of Mental Paralysis {rElec rN+ Will++}
Stlth   +.........               V - amulet "Taubroam" {RegenMP Dex+5}
HPRegen 2.04/turn                S - +4 ring of evasion
MPRegen 1.07/turn                x - ring of protection from fire

@: agile, very slow
A: antennae 3, icy blue scales 2, foul stench 2, powered by pain 1, fangs 3,
thin skeletal structure 2, agile 2, clarity, strong 2, wild magic 2, acidic
bite, eyeballs 1, tendrils, jelly sensing items
}: 3/15 runes: slimy, abyssal, gossamer
a: Renounce Religion, Oozemancy, Slimify


You were on level 4 of the Shoals.
You worshipped Jiyva.
Jiyva was exalted by your worship.
You visited 7 branches of the dungeon, and saw 35 of its levels.
You visited the Abyss 1 time.
You visited 1 bazaar.
You also visited: Gauntlet.

You collected 1668 gold pieces.
You spent 571 gold pieces at shops.

Inventory:

Hand Weapons
 a - the +10 falchion of the Seven Olives {flame, rPois Str-5 Dex+6}
   (You found it on level 5 of the Pits of Slime)

   It burns those it strikes, dealing additional fire damage.
   Big, fiery blades are also staple armaments of hydra-hunters.
   Str:       It affects your strength (-5).
   Dex:       It affects your dexterity (+6).
   rPois:     It protects you from poison.
 c - a +5 falchion of freezing
 d - the +6 arbalest "Damnation" (weapon) {damnation}
   (You found it on level 5 of the Pits of Slime)

   Any ammunition fired from it explodes in a burst of damnation on striking a
   foe, dealing damage which bypasses armour.
 j - a +1 scimitar of flaming
 l - a +3 arbalest of flaming
 w - a +5 vorpal arbalest
 R - a +0 demon whip of venom
 Z - a +0 double sword
Armour
 t - the +1 pair of boots of Mental Paralysis (worn) {rElec rN+ Will++}
   (You acquired it on level 5 of the Lair of Beasts)

   rElec:     It insulates you from electricity.
   rN:        It protects you from negative energy.
   Will:      It greatly increases your willpower.
 D - the +8 chain mail of Maxo (worn) {rPois rF- MP-9 Slay+6}
   (You found it on level 4 of the Dungeon)

   Slay:      It affects your accuracy & damage with ranged weapons and melee
   (+6).
   rF:        It makes you vulnerable to fire.
   rPois:     It protects you from poison.
   MP:        It affects your magic capacity (-9).
 E - +0 ice dragon scales
 O - a scarf of resistance (worn)
 U - a +0 pair of gloves (worn)
Jewellery
 x - a ring of protection from fire (right hand)
 y - a ring of flight
 S - a +4 ring of evasion (left hand)
 V - the amulet "Taubroam" (around neck) {RegenMP Dex+5}
   (You found it in a Gauntlet)

   [amulet of magic regeneration]

   It increases your rate of magic regeneration.
   Dex:       It affects your dexterity (+5).
Wands
 v - a wand of light (6)
 B - a wand of mindburst (7)
 G - a wand of roots (4)
 P - a wand of paralysis (7)
 X - a wand of digging (4)
Scrolls
 e - 6 scrolls of magic mapping
 f - 7 scrolls of enchant weapon
 g - 2 scrolls of poison
 h - a scroll of enchant armour
 i - 15 scrolls of teleportation
 m - a scroll of brand weapon
 p - 7 scrolls of fog
 q - a scroll of blinking
 u - 3 scrolls of fear
 H - a scroll of silence
 K - 3 scrolls of vulnerability
 T - 2 scrolls of immolation
 W - 2 scrolls of amnesia
Potions
 b - a potion of invisibility
 k - 4 potions of mutation
 n - 3 potions of ambrosia
 o - 7 potions of curing
 r - 2 potions of berserk rage
 s - 8 potions of haste
 z - 2 potions of heal wounds
 A - 4 potions of magic
 C - 7 potions of attraction
 I - 2 potions of resistance
 L - 7 potions of might
 N - 2 potions of brilliance
Miscellaneous
 Y - a phantom mirror


   Skills:
 + Level 17.1 Fighting
 - Level 14.0 Long Blades
 * Level 13.1 Ranged Weapons
 - Level 0.8 Throwing
 + Level 10.0 Armour
 - Level 2.4 Dodging
 + Level 8.9 Spellcasting
 * Level 12.4 Translocations
 - Level 8.0 Evocations


You had 21 spell levels left.
You knew the following spells:

 Your Spells              Type           Power      Damage    Failure   Level
a - Blink                 Tloc           100%       N/A       3%          2
c - Lesser Beckoning      Tloc           100%       N/A       5%          3
d - Vhi's Electric Charg  Tloc/Air       74%        N/A       38%         3
f - Manifold Assault      Tloc           60%        N/A       13%         4

Your spell library contained the following spells:

 Spells                   Type           Power      Damage    Failure   Level
 Gell's Gravitas          Tloc           60%        N/A       5%          3
 Teleport Other           Tloc           60%        N/A       5%          3
 Kindle Blastsparks       Fire/Tloc/Air  56%        2d14      63%         3
 Iskenderun's Mystic Bla  Conj/Tloc      37%        2d9       73%         4
 Freeze                   Ice            36%        1d5       82%         1
 Magic Dart               Conj           36%        1d4       82%         1
 Summon Small Mammal      Summ           36%        N/A       82%         1
 Call Imp                 Summ           9%         N/A       90%         2
 Cigotuvi's Dreadful Rot  Necr/Pois/Air  18%        N/A       90%         2
 Poisonous Vapours        Pois/Air       18%        N/A       90%         2
 Call Canine Familiar     Summ           9%         N/A       98%         3
 Frozen Ramparts          Ice            18%        1d3       98%         3
 Hailstorm                Conj/Ice       9%         3d4       98%         3
 Inner Flame              Hex/Fire       9%         N/A       98%         3
 Mephitic Cloud           Conj/Pois/Air  9%         N/A       98%         3
 Summon Guardian Golem    Hex/Summ       9%         N/A       98%         3
 Cause Fear               Hex            4%         N/A       100%        4
 Flame Wave               Conj/Fire      9%         2d6       100%        4
 Fulminant Prism          Conj/Hex       4%         3d6       100%        4
 Sticky Flame             Conj/Fire      9%         2d3       100%        4
 Lee's Rapid Deconstruct  Erth           4%         3d6*      100%        5
 Discord                  Hex            4%         N/A       100%        8


Dungeon Overview and Level Annotations

Branches:
Dungeon (15/15)            Temple (1/1) D:6            Lair (5/5) D:9
 Shoals (4/4) Lair:2       Spider (4/4) Lair:2        Slime (5/5) Lair:4
 Vaults (0/5) D:13         Depths (1/4) D:15        Gauntlet (visited)
    Orc: D:9-12

Altars:
Ashenzari
Cheibriados
Dithmenos
Fedhas
Gozag
Hepliaklqana
Kikubaaqudgha
Makhleb
Nemelex Xobeh
Okawaru
Qazlal
Ru
Sif Muna
Trog
Uskayaw
Vehumet
Wu Jian
Xom
Yredelemnul
Jiyva

Shops:
D:7 *   Shoals:3 *

Portals:
Trove: D:14 (give +8 demon whip)

Annotations:
Slime:5 Royal Jelly


Innate Abilities, Weirdness & Mutations

You have a pair of large antennae on your head. (SInv)
You are mostly covered in icy blue scales. (AC +3)
You sometimes emit foul miasma when damaged in melee.
You sometimes gain a little power by taking damage.
You have razor-sharp teeth.
You have a moderately thin skeletal structure. (Dex +4, Stealth++)
You are very agile. (Dex +8, Str/Int -2)
You possess an exceptional clarity of mind.
Your muscles are very strong. (Str +8, Int/Dex -2)
Your spells are harder to cast, but more powerful.
You have acidic saliva.
Your body has grown eyes which may confuse attackers. (Acc +3)
You are covered in slimy tendrils that may disarm your opponents.
You have a small jelly attached to you that senses nearby items.


Message History

The water nymph gestures at you while chanting.
The water swirls and strikes you!!
You focus on the pain.
You feel more agile all of a sudden. The merfolk completely misses you.
The merfolk impaler hits you but does no damage.
The water nymph points at you and mumbles some strange words.
The water swirls and strikes you!
* * * LOW HITPOINT WARNING * * *
The merfolk impaler hits you from afar with a +2 trident of freezing!
* * * LOW HITPOINT WARNING * * *
The merfolk impaler freezes you.
* * * LOW HITPOINT WARNING * * *
Unknown command.
As you read the scroll of fear, it crumbles to dust.
You assume a fearsome visage.
The merfolk aquamancer easily resists.
The merfolk impaler looks frightened!
The water nymph resists with some effort.
The jelly looks frightened!
The jelly quivers.
The merfolk looks frightened! x2; The water nymph looks frightened!
The jelly trembles before you.
The +10 falchion of the Seven Olives {flame, rPois Str-5 Dex+6} stops flaming.
d - the +6 arbalest "Damnation" (weapon)
{damnation} A merfolk comes into view. It is wielding a +0 trident.
You are too injured to fight recklessly!
Unknown command.
Fire: d) +6 arbalest "Damnation" {damnation}
Press: ? - help, Q - select action, (/) - cycle Shift-Dir - straight line, f - merfolk
Aim: a merfolk, wielding a +0 trident (fleeing, 77% to hit)
You shoot a damnation bolt. The damnation bolt hits the merfolk!
Your attack snaps the merfolk out of its fear.
The merfolk is moderately wounded.
The damnation bolt explodes!
The damnation engulfs the merfolk!
The merfolk is severely wounded.
The merfolk hits you from afar with a +0 trident!
* * * LOW HITPOINT WARNING * * *
The merfolk aquamancer points at you and mumbles some strange words.
The torrent of water hits you!!
You die...

~~~~~~~~~~m#### ##.......
.~~~~)~~~C~##~###~.......
~~≈≈≈≈≈~~~~~.............
~≈≈m≈≈~~m~~..............
≈≈≈≈≈≈≈~mm~..............
≈≈≈≈≈≈~~~~..............~
≈≈≈≈≈≈~~~.............~~~
≈≈≈≈≈~~~~.............~≈≈
≈≈≈≈≈~m~@......~~~....~≈≈
≈≈≈≈≈≈~~....≈≈≈≈≈≈~...~≈≈
≈≈≈≈≈≈~~~...≈≈≈≈≈≈....~~.
≈≈≈≈≈≈~~~~~~≈≈≈≈.......~.
~≈≈≈≈≈~~~~~~≈≈~........~≈
P≈≈≈≈≈~~.~~~~~......~~~≈≈
P≈≈≈≈≈P~~.≈≈≈........~~~~
≈≈≈≈≈~~~≈≈≈≈≈.........)≈
.....~~)~


You could see a frost giant, a merfolk impaler (fleeing), a merfolk aquamancer,
2 merfolk and a water nymph.

Vanquished Creatures
  Nikola (Shoals:2)
  Arachne (Spider:2)
  2 tentacled monstrosities (Abyss:3)
  Polyphemus (Shoals:3)
  Frances (D:14)
  2 tentacled starspawn (Abyss:3)
  A kraken (Abyss:3)
  Kirke (Shoals:3)
  Ilsuiw (Shoals:2)
  Louise (D:14)
  6 emperor scorpions
  Aizul (Shoals:2)
  6 ghost moths
  A broodmother (Spider:2)
  Nessos (D:15)
  A minotaur (Gauntlet)
  2 spark wasps
  An ettin (D:15)
  A fire dragon (Depths:1)
  7 merfolk impalers
  A yaktaur captain (D:13)
  Josephine (Lair:5)
  6 entropy weavers
  7 hydras
  A shambling mangrove (Abyss:3)
  2 ice dragons
  A spriggan air mage (Depths:1)
  A ghost crab (Abyss:3)
  2 jorogumos
  5 boulder beetles
  2 radroaches
  4 satyrs
  4 catoblepae (Lair:5)
  2 ogre magi (D:15)
  5 tengu warriors
  8 centaur warriors
  7 merfolk aquamancers
  7 two-headed ogres
  4 merfolk avatars
  16 death yaks
  A deep troll shaman (Depths:1)
  The ghost of jehirs the Summoner, a novice MfSu (D:8)
  A vampire mage (Depths:1)
  Urug (Lair:5)
  A pharaoh ant (Spider:2)
  3 sun moths
  9 sea snakes
  An iron troll (Depths:1)
  Amaemon (Lair:1)
  2 fire crabs
  4 sixfirhies
  A flayed ghost (Abyss:3)
  6 orb spiders
  A swamp dragon (Lair:1)
  6 steelbarb worms
  A deep troll (Depths:1)
  4 starcursed masses (Abyss:3)
  An obsidian statue (D:13)
  A necromancer (Abyss:3)
  2 wizards (D:15)
  An orange crystal statue (D:13)
  An orc knight (D:15)
  2 deep elf pyromancers
  An oklob plant (Lair:5)
  A cyclops (shapeshifter) (D:15)
  13 fauns
  5 cyclopes
  2 ugly things
  18 manticores
  A worldbinder (Abyss:3)
  17 wolf spiders
  2 moths of wrath
  An iron dragon skeleton (Abyss:3)
  6 elephants (Lair:4)
  A torpor snail (Spider:3)
  2 black mambas
  7 merfolk sirens
  2 water nymphs
  2 apocalypse crabs (Abyss:3)
  A gargoyle (D:10)
  12 cane toads
  2 demonic crawlers (Spider:1)
  An orange demon (Lair:1)
  A rime drake (Lair:2)
  8 komodo dragons
  2 freezing wraiths
  2 tengu conjurers
  An ancient zyme (Abyss:3)
  2 yaktaurs (D:13)
  An efreet (Abyss:3)
  26 merfolk
  2 guardian mummies (D:14)
  2 polar bears
  4 meliai
  3 wind drakes
  A hornet (shapeshifter) (D:15)
  9 blink frogs
  A dream sheep (Shoals:1)
  23 tarantellas
  9 snapping turtles
  23 jumping spiders
  7 water elementals
  20 culicivoras
  5 wyverns
  58 yaks
  8 small abominations
  3 hogs (Shoals:3)
  2 basilisks (Lair:5)
  A vampire (D:11)
  2 fire bats (Gauntlet)
  33 redbacks
  Grum (Lair:1)
  8 wraiths
  17 vampire mosquitoes
  3 large abominations
  Edmund (D:6)
  15 water moccasins
  3 hell hounds (Abyss:3)
  2 acid dragons
  3 orc warriors
  4 ice beasts
  2 swamp drakes (Lair:1)
  A meliai simulacrum (D:14)
  2 black bears (D:5)
  7 ogres
  26 wolves
  5 centaurs (D:11)
  A phantom (D:5)
  2 kobold brigands (D:8)
  7 bullfrogs
  7 scorpions
  A wight (D:8)
  3 killer bees (D:9)
  2 electric eels (Spider:1)
  2 hounds
  A jelly (D:4)
  2 gnoll boudas
  2 orc priests
  Jessica (D:2)
  2 iguanas
  Natasha (twice) (D:3)
  7 orc wizards
  2 hell rats (D:9)
  7 gnolls
  7 adders
  2 river rats (D:9)
  6 white imps
  2 ufetubi
  2 worms
  2 dart slugs
  18 orcs
  7 ball pythons
  10 endoplasms
  2 giant cockroaches
  4 goblins
  7 hobgoblins
  3 quokkas
  6 bats
  2 frilled lizards
  6 kobolds
  7 rats
  A spectral kobold (D:4)
  3 starspawn tentacles (Abyss:3)
  2 tentacles (Abyss:3)
783 creatures vanquished.

Vanquished Creatures (collateral kills)
  Agnes (D:14)
  A catoblepas (Shoals:3)
  A deep troll shaman (Depths:1)
  An orb spider (Spider:3)
  A tengu conjurer (D:14)
5 creatures vanquished.

Vanquished Creatures (others)
  A faun (Shoals:3)
  A worldbinder (Abyss:3)
  A torpor snail (Spider:4)
  A jumping spider (Spider:4)
  A human (Shoals:3)
  A redback (Spider:2)
  A centaur (D:8)
  2 bullfrogs
  85 jellies
  2 orcs (D:15)
  28 fungi
  99 plants
  4 starspawn tentacles (Abyss:3)
  10 tentacles (Abyss:3)
  14 withered plants (Gauntlet)
251 creatures vanquished.

Grand Total: 1039 creatures vanquished

Notes
Turn   | Place    | Note
-------+----------+-------------------------------------------
     0 | D:1      | Bnni the Demonspawn Warper began the quest for the Orb.
     0 | D:1      | Reached XP level 1. HP: 16/16 MP: 3/3
   219 | D:1      | Reached skill level 1 in Ranged Weapons
   219 | D:1      | Gained mutation: You are partially covered in icy blue
                  | scales. (AC +2) [demonic ancestry]
   219 | D:1      | Reached XP level 2. HP: 22/22 MP: 5/5
   819 | D:2      | Gained mutation: You may rarely emit foul miasma when
                  | damaged in melee. [demonic ancestry]
   819 | D:2      | Reached XP level 3. HP: 28/28 MP: 6/6
   928 | D:2      | Noticed Jessica
   938 | D:2      | Killed Jessica
  1047 | D:2      | Reached skill level 3 in Fighting
  1047 | D:2      | Gained mutation: You have a pair of small antennae on your
                  | head. [demonic ancestry]
  1047 | D:2      | Reached XP level 4. HP: 26/35 MP: 7/7
  1329 | D:2      | Reached skill level 1 in Armour
  1339 | D:2      | Found a faded altar of an unknown god.
  1677 | D:3      | Noticed a scorpion
  1686 | D:3      | Killed a scorpion
  1687 | D:3      | Gained mutation: You have a pair of antennae on your head.
                  | [demonic ancestry]
  1687 | D:3      | Reached XP level 5. HP: 18/41 MP: 8/8
  1820 | D:3      | Noticed a water moccasin
  2007 | D:4      | Reached XP level 6. HP: 38/48 MP: 9/9
  2302 | D:3      | Noticed Natasha
  2305 | D:3      | Killed Natasha
  2306 | D:3      | Reached skill level 4 in Fighting
  2334 | D:3      | Killed a water moccasin
  2509 | D:3      | Identified the +2 mace of Superiority {venom, rF+ rCorr
                  | Str+2}
  2544 | D:3      | Noticed Natasha
  2551 | D:3      | Killed Natasha
  2595 | D:3      | Reached XP level 7. HP: 49/54 MP: 10/10
  2625 | D:3      | Identified the +6 dagger of the Desert {speed, SInv}
  2935 | D:4      | Found a hazy altar of Hepliaklqana.
  2978 | D:4      | Reached skill level 5 in Ranged Weapons
  3040 | D:4      | Identified the +8 chain mail of Maxo {rPois rF- MP-9
                  | Slay+6}
  3405 | D:4      | Learned a level 2 spell: Blink
  3406 | D:5      | Entered Level 5 of the Dungeon
  3463 | D:5      | Reached skill level 5 in Fighting
  3512 | D:5      | Reached XP level 8. HP: 62/62 MP: 2/11
  3685 | D:5      | Found a stormy altar of Qazlal.
  4259 | D:6      | Found a faded altar of an unknown god.
  4259 | D:6      | Found a snail-covered altar of Cheibriados.
  4266 | D:6      | Found a faded altar of an unknown god.
  4268 | D:6      | Found a radiant altar of Vehumet.
  4270 | D:6      | Found a sacrificial altar of Ru.
  4422 | D:6      | Found a staircase to the Ecumenical Temple.
  4429 | Temple   | Entered the Ecumenical Temple
  4562 | Temple   | Became a worshipper of Jiyva Jeygasoi the Shapeless
  4593 | D:6      | Noticed Edmund
  4605 | D:6      | Killed Edmund
  4606 | D:6      | Reached skill level 6 in Fighting
  4933 | D:6      | Reached * piety under Jiyva
  5163 | D:6      | HP: 3/64 [something (30)]
  5351 | D:7      | Gained mutation: You sometimes emit foul miasma when
                  | damaged in melee. [demonic ancestry]
  5351 | D:7      | Reached XP level 9. HP: 66/69 MP: 3/12
  5370 | D:7      | Reached skill level 5 in Armour
  5395 | D:7      | Found Hyuceg's Overcharged Wands.
  5608 | D:7      | Found an ancient bone altar of Kikubaaqudgha.
  5889 | D:8      | Reached ** piety under Jiyva
  6003 | D:8      | Noticed jehirs's ghost (novice MfSu)
  6004 | D:8      | Found a transporter.
  6009 | D:8      | Found a transporter.
  6051 | D:8      | Killed jehirs's ghost
  6052 | D:8      | Reached skill level 7 in Fighting
  6052 | D:8      | Reached skill level 5 in Long Blades
  6357 | D:8      | Reached *** piety under Jiyva
  6455 | D:8      | Gained mutation: Your system is resistant to poisons.
                  | (rPois) [Jiyva's grace]
  6455 | D:8      | Gained mutation: You have hidden genetic potential.
                  | [Jiyva's grace]
  6455 | D:8      | Gained mutation: You have great hidden genetic potential.
                  | [Jiyva's grace]
  6455 | D:8      | Gained mutation: You have large cloven feet. [Jiyva's
                  | grace]
  6941 | D:9      | Noticed a death yak
  6941 | D:9      | Noticed a death yak
  6946 | D:9      | Noticed a death yak
  6958 | D:8      | Killed a death yak
  6959 | D:8      | Reached skill level 8 in Fighting
  6959 | D:8      | Reached skill level 1 in Evocations
  6959 | D:8      | Reached XP level 10. HP: 55/80 MP: 4/13
  6992 | D:8      | Killed a death yak
  7103 | D:9      | Reached **** piety under Jiyva
  7132 | D:9      | Found a staircase to the Lair.
  7478 | D:8      | Killed a death yak
  7833 | D:10     | Entered Level 10 of the Dungeon
  7833 | D:10     | Noticed a manticore
  7833 | D:10     | Noticed a two-headed ogre
  7833 | D:10     | Reached ***** piety under Jiyva
  7843 | D:9      | Killed a two-headed ogre
  7844 | D:9      | Reached skill level 9 in Fighting
  7872 | D:10     | Killed a manticore
  7911 | D:10     | Found a shimmering altar of Xom.
  7913 | D:10     | Found an ornate altar of the Wu Jian Council.
  7916 | D:10     | Found a burning altar of Makhleb.
  7951 | D:10     | Noticed a purple ugly thing
  7961 | D:10     | Killed a purple ugly thing
  7983 | D:10     | Gained mutation: You sometimes gain a little power by
                  | taking damage. [demonic ancestry]
  7983 | D:10     | Reached XP level 11. HP: 74/89 MP: 5/14
  8028 | D:10     | Identified the +2 robe of Xualoc Xaerr {rElec rF- Int+7}
  8092 | D:10     | Gained mutation: Your mind is acute. (Int +4, Str/Dex -1)
                  | [Jiyva's grace]
  8092 | D:10     | Gained mutation: Your mind is very acute. (Int +8, Str/Dex
                  | -2) [Jiyva's grace]
  8092 | D:10     | Gained mutation: Your melee attacks may engulf your foes in
                  | ooze. [Jiyva's grace]
  8092 | D:10     | Gained mutation: You are covered in slimy tendrils that may
                  | disarm your opponents. [Jiyva's grace]
  8096 | D:10     | Found a shadowy altar of Dithmenos.
  8601 | D:11     | Noticed a centaur warrior
  8635 | D:11     | Killed a centaur warrior
  8636 | D:11     | Reached skill level 5 in Evocations
  8650 | D:11     | Gained mutation: Your spells are a little harder to cast,
                  | but a little more powerful. [hidden potential]
  8729 | D:11     | Reached skill level 10 in Long Blades
  8757 | D:11     | Found a flickering gateway to a bazaar.
  8760 | D:11     | Noticed a two-headed ogre
  8766 | Bazaar   | Entered a bazaar
  8780 | Bazaar   | Found Agis's Distillery.
  8809 | Bazaar   | Found Geat's Distillery.
  8822 | Bazaar   | Found Tofoj's Magic Scroll Shoppe.
  8843 | Bazaar   | Found Neizaog's Magic Scroll Shoppe.
  8851 | Bazaar   | Bought a scroll of blinking for 97 gold pieces
  8851 | Bazaar   | Bought a scroll of brand weapon for 123 gold pieces
  8851 | Bazaar   | Bought a scroll of identify for 26 gold pieces
  8872 | Bazaar   | Bought a scroll of identify for 20 gold pieces
  8872 | Bazaar   | Bought a scroll of identify for 20 gold pieces
  8889 | D:11     | Killed a two-headed ogre
  9130 | D:11     | Reached skill level 10 in Fighting
  9540 | D:12     | Noticed a brown ugly thing
  9547 | D:12     | Killed a brown ugly thing
  9592 | D:12     | Noticed a boulder beetle
  9612 | D:12     | Killed a boulder beetle
  9613 | D:12     | Reached XP level 12. HP: 95/98 MP: 6/15
  9620 | D:12     | You fall into a shaft and drop 1 floor!
  9625 | D:13     | Noticed a yaktaur captain
  9648 | D:13     | Killed a yaktaur captain
  9692 | D:13     | Found a gate to the Vaults.
  9787 | D:13     | Gained mutation: You expend magic power (3 MP) to
                  | strengthen your wands. [hidden potential]
  9787 | D:13     | Lost mutation: You have great hidden genetic potential.
                  | [hidden potential expressed]
  9881 | D:13     | Noticed a tengu warrior
  9884 | D:13     | Noticed a centaur warrior
  9888 | D:13     | Killed a tengu warrior
  9897 | D:13     | Killed a centaur warrior
  9907 | D:13     | Lost mutation: Your mind is very acute. (Int +8, Str/Dex
                  | -2) [Jiyva's grace]
  9907 | D:13     | Lost mutation: Your system is resistant to poisons. (rPois)
                  | [Jiyva's grace]
  9907 | D:13     | Gained mutation: Your flesh is heat resistant. (rF+)
                  | [Jiyva's grace]
  9907 | D:13     | Gained mutation: Your flesh is very heat resistant. (rF++)
                  | [Jiyva's grace]
  9907 | D:13     | Gained mutation: Your flesh is almost immune to the effects
                  | of heat. (rF+++) [Jiyva's grace]
  9907 | D:13     | Gained mutation: Your translucent skin slightly reduces
                  | your foes' accuracy. (Stealth+) [Jiyva's grace]
  9959 | D:13     | Noticed a centaur warrior
  9972 | D:13     | Killed a centaur warrior
  9973 | D:13     | Reached skill level 11 in Fighting
  9984 | D:13     | Noticed a centaur warrior
  9992 | D:13     | Killed a centaur warrior
 10227 | D:14     | Noticed a boulder beetle
 10246 | D:14     | Killed a boulder beetle
 10329 | D:14     | Noticed a centaur warrior
 10341 | D:14     | Killed a centaur warrior
 10373 | D:14     | Found a portal to a secret trove of treasure.
 10373 | D:14     | Noticed Louise
 10391 | D:14     | Killed Louise
 10493 | D:14     | Noticed Agnes
 10498 | D:14     | Killed Agnes
 10549 | D:14     | Noticed a centaur warrior
 10555 | D:14     | Killed a centaur warrior
 10699 | D:14     | Noticed a two-headed ogre
 10704 | D:14     | Killed a two-headed ogre
 10705 | D:14     | Reached XP level 13. HP: 75/107 MP: 5/16
 10868 | D:14     | Noticed Frances
 10890 | D:14     | Killed Frances
 10891 | D:14     | Reached skill level 12 in Fighting
 10906 | D:14     | Gained mutation: Your muscles are strong. (Str +4, Int/Dex
                  | -1) [hidden potential]
 11045 | D:15     | Entered Level 15 of the Dungeon
 11086 | D:15     | Paralysed by something for 5 turns
 11094 | D:15     | Found a broken altar of Ashenzari.
 11104 | D:15     | Noticed Nessos
 11158 | D:15     | Killed Nessos
 11163 | D:15     | Noticed an ettin
 11171 | D:15     | Killed an ettin
 11230 | D:15     | Reached skill level 13 in Fighting
 11424 | D:15     | Reached skill level 14 in Fighting
 11525 | D:15     | Found a staircase to the Depths.
 11665 | D:15     | Noticed an angel
 11724 | D:15     | Lost mutation: You have large cloven feet. [Jiyva's grace]
 11724 | D:15     | Lost mutation: Your flesh is almost immune to the effects
                  | of heat. (rF+++) [Jiyva's grace]
 11724 | D:15     | Lost mutation: Your melee attacks may engulf your foes in
                  | ooze. [Jiyva's grace]
 11724 | D:15     | Gained mutation: Your muscles are very strong. (Str +8,
                  | Int/Dex -2) [Jiyva's grace]
 11724 | D:15     | Gained mutation: You have a somewhat thin skeletal
                  | structure. (Dex +2, Stealth+) [Jiyva's grace]
 11724 | D:15     | Gained mutation: You have a moderately thin skeletal
                  | structure. (Dex +4, Stealth++) [Jiyva's grace]
 11724 | D:15     | Gained mutation: You have an unnaturally thin skeletal
                  | structure. (Dex +6, Stealth+++) [Jiyva's grace]
 11989 | Lair:1   | Entered Level 1 of the Lair of Beasts
 12035 | Lair:1   | Identified the +8 short sword of the Lamprey {drain, Str+6
                  | Dex+2}
 12111 | Lair:1   | Reached ****** piety under Jiyva
 12377 | Lair:1   | Noticed Grum
 12384 | Lair:1   | Killed Grum
 12530 | Lair:1   | Noticed Amaemon
 12536 | Lair:1   | Killed Amaemon
 12537 | Lair:1   | Reached XP level 14. HP: 121/121 MP: 8/17
 12718 | Lair:2   | Found a hole to the Spider Nest.
 12869 | Lair:2   | Gained mutation: You are strong-willed. (Will+) [hidden
                  | potential]
 12869 | Lair:2   | Lost mutation: You have hidden genetic potential. [hidden
                  | potential expressed]
 13266 | Lair:2   | Found a staircase to the Shoals.
 13273 | Lair:2   | Reached skill level 15 in Fighting
 13742 | Lair:3   | Lost mutation: Your mind is acute. (Int +4, Str/Dex -1)
                  | [Jiyva's grace]
 13742 | Lair:3   | Lost mutation: Your flesh is very heat resistant. (rF++)
                  | [Jiyva's grace]
 13742 | Lair:3   | Lost mutation: You are covered in slimy tendrils that may
                  | disarm your opponents. [Jiyva's grace]
 13742 | Lair:3   | Lost mutation: You expend magic power (3 MP) to strengthen
                  | your wands. [Jiyva's grace]
 13742 | Lair:3   | Gained mutation: Your movements are slightly less
                  | encumbered by armour. (ER -2) [Jiyva's grace]
 13742 | Lair:3   | Gained mutation: Your movements are less encumbered by
                  | armour. (ER -4) [Jiyva's grace]
 13742 | Lair:3   | Gained mutation: Your movements are significantly less
                  | encumbered by armour. (ER -6) [Jiyva's grace]
 13742 | Lair:3   | Gained mutation: Your translucent skin reduces your foes'
                  | accuracy. (Stealth+) [Jiyva's grace]
 13851 | Lair:3   | Reached skill level 5 in Translocations
 14305 | Lair:3   | Learned a level 4 spell: Manifold Assault
 14309 | Lair:3   | Learned a level 3 spell: Lesser Beckoning
 14313 | Lair:3   | Learned a level 3 spell: Vhi's Electric Charge
 14372 | Lair:4   | Found a gate leading to a gauntlet.
 14388 | Gauntlet | Entered a Gauntlet
 14388 | Gauntlet | Found a transporter.
 14409 | Gauntlet | Found a transporter.
 14414 | Gauntlet | Found a transporter.
 14419 | Gauntlet | Found a transporter.
 14438 | Gauntlet | Found a transporter.
 14449 | Gauntlet | Noticed a quicksilver ooze
 14453 | Gauntlet | Found a transporter.
 14464 | Gauntlet | Noticed a cacodemon
 14465 | Gauntlet | Found a transporter.
 14471 | Gauntlet | Found a transporter.
 14486 | Gauntlet | Found a transporter.
 14492 | Gauntlet | Found a transporter.
 14507 | Gauntlet | Found a transporter.
 14519 | Gauntlet | Found a transporter.
 14536 | Gauntlet | Found a transporter.
 14553 | Gauntlet | Found a transporter.
 14555 | Gauntlet | Found a transporter.
 14555 | Gauntlet | Found the +12 glaive of Prune {vorpal}
 14582 | Gauntlet | Found a transporter.
 14584 | Gauntlet | Found a transporter.
 14614 | Gauntlet | Found a transporter.
 14716 | Gauntlet | Identified the amulet "Taubroam" {RegenMP Dex+5}
 14990 | Lair:4   | Found a viscous altar of Jiyva.
 14990 | Lair:4   | Found a staircase to the Slime Pits.
 14999 | Slime:1  | Entered Level 1 of the Pits of Slime
 15004 | Slime:2  | Noticed an azure jelly
 15007 | Slime:2  | Noticed a quicksilver ooze
 15019 | Slime:2  | Noticed an azure jelly
 15048 | Slime:2  | Noticed a quicksilver ooze
 15061 | Slime:2  | Noticed an azure jelly
 15063 | Slime:2  | Noticed an acid blob
 15071 | Slime:3  | Noticed a rockslime
 15077 | Slime:3  | Noticed a quicksilver ooze
 15078 | Slime:3  | Noticed an azure jelly
 15080 | Slime:4  | Noticed a quicksilver ooze
 15080 | Slime:4  | Noticed a rockslime
 15086 | Slime:4  | Noticed a rockslime
 15093 | Slime:5  | Entered Level 5 of the Pits of Slime
 15096 | Slime:5  | Noticed an acid blob
 15098 | Slime:5  | Noticed a quicksilver ooze
 15109 | Slime:5  | Found a viscous altar of Jiyva.
 15110 | Slime:5  | Noticed an acid blob
 15111 | Slime:5  | Found the +6 arbalest "Damnation" {damnation}
 15111 | Slime:5  | Noticed the Royal Jelly
 15111 | Slime:5  | Noticed a quicksilver ooze
 15113 | Slime:5  | Noticed an acid blob
 15119 | Slime:5  | Identified the +3 scale mail "Tiolyleh" {+Blink rF- Int+7}
 15122 | Slime:5  | Noticed an acid blob
 15129 | Slime:5  | Got a slimy rune of Zot
 15130 | Slime:5  | Identified the +5 great sword of the Burning Gods {drain,
                  | *Slow rElec rF+}
 15133 | Slime:5  | Noticed an acid blob
 15137 | Slime:5  | Noticed an acid blob
 15140 | Slime:5  | Identified the +3 scale mail "Mofecuco" {Regen+}
 15152 | Slime:5  | Identified the +10 falchion of the Seven Olives {flame,
                  | rPois Str-5 Dex+6}
 15161 | Slime:5  | Noticed an azure jelly
 15163 | Slime:5  | Noticed an acid blob
 15197 | Slime:5  | Noticed an acid blob
 15369 | Slime:5  | Noticed an acid blob
 15504 | Slime:1  | Noticed an acid blob
 15504 | Slime:1  | Noticed an azure jelly
 15504 | Slime:1  | Noticed a rockslime
 15504 | Slime:1  | Noticed an acid blob
 15509 | Slime:1  | Noticed a quicksilver ooze
 15610 | Slime:1  | Noticed an azure jelly
 15620 | Lair:4   | Lost mutation: You have an unnaturally thin skeletal
                  | structure. (Dex +6, Stealth+++) [Jiyva's grace]
 15620 | Lair:4   | Lost mutation: Your spells are a little harder to cast, but
                  | a little more powerful. [Jiyva's grace]
 15620 | Lair:4   | Lost mutation: Your movements are significantly less
                  | encumbered by armour. (ER -6) [Jiyva's grace]
 15620 | Lair:4   | Gained mutation: You have very sharp teeth. [Jiyva's grace]
 15620 | Lair:4   | Gained mutation: You have extremely sharp teeth. [Jiyva's
                  | grace]
 15620 | Lair:4   | Gained mutation: You have razor-sharp teeth. [Jiyva's
                  | grace]
 15620 | Lair:4   | Gained mutation: You have acidic saliva. [Jiyva's grace]
 16220 | Lair:5   | Entered Level 5 of the Lair of Beasts
 16223 | Lair:5   | Noticed Josephine
 16238 | Lair:5   | Killed Josephine
 16307 | Lair:5   | Noticed Urug
 16311 | Lair:5   | Killed Urug
 16477 | Lair:5   | Reached skill level 5 in Spellcasting
 16495 | Lair:5   | Gained mutation: You are mostly covered in icy blue scales.
                  | (AC +3) [demonic ancestry]
 16495 | Lair:5   | Reached XP level 15. HP: 117/129 MP: 13/22
 16910 | Lair:5   | Found the +8 mithril axe "Arga" {speed, Will+}
 17204 | Lair:5   | Identified a scroll of acquirement
 17204 | Lair:5   | Acquired the +1 pair of boots of Mental Paralysis {rElec
                  | rN+ Will++}
 17485 | Depths:1 | Entered Level 1 of the Depths
 17758 | Spider:1 | Entered Level 1 of the Spider Nest
 18018 | Spider:1 | Lost mutation: Your muscles are very strong. (Str +8,
                  | Int/Dex -2) [Jiyva's grace]
 18018 | Spider:1 | Lost mutation: Your translucent skin reduces your foes'
                  | accuracy. (Stealth+) [Jiyva's grace]
 18018 | Spider:1 | Lost mutation: Your translucent skin slightly reduces your
                  | foes' accuracy. (Stealth+) [Jiyva's grace]
 18018 | Spider:1 | Lost mutation: Your movements are less encumbered by
                  | armour. (ER -4) [Jiyva's grace]
 18018 | Spider:1 | Gained mutation: Your spells are a little harder to cast,
                  | but a little more powerful. [Jiyva's grace]
 18018 | Spider:1 | Gained mutation: Your spells are harder to cast, but more
                  | powerful. [Jiyva's grace]
 18018 | Spider:1 | Gained mutation: Your spells are much harder to cast, but
                  | much more powerful. [Jiyva's grace]
 18018 | Spider:1 | Gained mutation: You have an unnaturally thin skeletal
                  | structure. (Dex +6, Stealth+++) [Jiyva's grace]
 18163 | Spider:1 | Noticed an emperor scorpion
 18167 | Spider:1 | Killed an emperor scorpion
 19083 | Spider:2 | Noticed Arachne
 19096 | Spider:2 | Killed Arachne
 19100 | Spider:2 | Reached skill level 10 in Ranged Weapons
 19294 | Spider:2 | Noticed an emperor scorpion
 19306 | Spider:2 | Killed an emperor scorpion
 19487 | Spider:2 | Noticed an emperor scorpion
 19496 | Spider:2 | Killed an emperor scorpion
 19740 | Spider:3 | Noticed an emperor scorpion
 19778 | Spider:3 | Reached skill level 16 in Fighting
 19799 | Spider:3 | Gained mutation: You have a pair of large antennae on your
                  | head. (SInv) [demonic ancestry]
 19799 | Spider:3 | Reached XP level 16. HP: 132/138 MP: 16/25
 20086 | Spider:3 | Lost mutation: You have an unnaturally thin skeletal
                  | structure. (Dex +6, Stealth+++) [Jiyva's grace]
 20086 | Spider:3 | Lost mutation: You are strong-willed. (Will+) [Jiyva's
                  | grace]
 20086 | Spider:3 | Lost mutation: Your spells are much harder to cast, but
                  | much more powerful. [Jiyva's grace]
 20086 | Spider:3 | Lost mutation: Your movements are slightly less encumbered
                  | by armour. (ER -2) [Jiyva's grace]
 20086 | Spider:3 | Gained mutation: You are agile. (Dex +4, Str/Int -1)
                  | [Jiyva's grace]
 20086 | Spider:3 | Gained mutation: You are very agile. (Dex +8, Str/Int -2)
                  | [Jiyva's grace]
 20086 | Spider:3 | Gained mutation: Your body has grown eyes which may confuse
                  | attackers. (Acc +3) [Jiyva's grace]
 20086 | Spider:3 | Gained mutation: Your body has grown many eyes which may
                  | confuse attackers. (Acc +5) [Jiyva's grace]
 20479 | Spider:4 | Entered Level 4 of the Spider Nest
 20623 | Spider:4 | Reached skill level 10 in Translocations
 20915 | Spider:4 | Got a gossamer rune of Zot
 21212 | Shoals:1 | Entered Level 1 of the Shoals
 21290 | Abyss:2  | Cast into level 2 of the Abyss (merfolk)
 21340 | Abyss:2  | Found a viscous altar of Jiyva.
 21361 | Abyss:3  | Noticed a kraken
 21440 | Abyss:3  | Killed a kraken
 21450 | Abyss:3  | Noticed a tentacled monstrosity
 21451 | Abyss:3  | Noticed a tentacled monstrosity
 21462 | Abyss:3  | Killed a tentacled monstrosity
 21469 | Abyss:3  | Killed a tentacled monstrosity
 21470 | Abyss:3  | Reached XP level 17. HP: 121/145 MP: 19/28
 21489 | Abyss:3  | Got an abyssal rune of Zot
 21527 | Abyss:3  | Lost mutation: Your flesh is heat resistant. (rF+) [Jiyva's
                  | grace]
 21527 | Abyss:3  | Lost mutation: Your body has grown many eyes which may
                  | confuse attackers. (Acc +5) [Jiyva's grace]
 21527 | Abyss:3  | Gained mutation: You have a small jelly attached to you
                  | that senses nearby items. [Jiyva's grace]
 21527 | Abyss:3  | Gained mutation: You possess an exceptional clarity of
                  | mind. [Jiyva's grace]
 21527 | Abyss:3  | Gained mutation: Your muscles are very strong. (Str +8,
                  | Int/Dex -2) [Jiyva's grace]
 21527 | Abyss:3  | Gained mutation: You are covered in slimy tendrils that may
                  | disarm your opponents. [Jiyva's grace]
 21601 | Shoals:1 | Escaped the Abyss
 21777 | Shoals:2 | Noticed Ilsuiw
 21787 | Shoals:2 | Killed Ilsuiw
 21849 | Shoals:2 | Noticed Aizul
 21856 | Shoals:2 | Noticed Nikola
 21995 | Shoals:2 | Killed Aizul
 22332 | Shoals:2 | Killed Nikola
 22376 | Shoals:3 | Found Toeqelot's Assorted Antiques.
 22405 | Shoals:3 | Bought a pitted leather armour for 133 gold pieces
 22405 | Shoals:3 | Identified the +0 leather armour "Otuoku" {rF- Slay+2 SInv}
                  | (You bought it in a shop on level 3 of the Shoals)
 22405 | Shoals:3 | Bought a scroll of identify for 38 gold pieces
 22405 | Shoals:3 | Bought a scroll of identify for 38 gold pieces
 22405 | Shoals:3 | Bought a scroll of identify for 38 gold pieces
 22405 | Shoals:3 | Bought a scroll of identify for 38 gold pieces
 22523 | Shoals:3 | Noticed Kirke
 22539 | Shoals:3 | Killed Kirke
 22733 | Shoals:3 | Found a runed translucent door.
 22982 | Shoals:3 | Noticed Polyphemus
 22992 | Shoals:3 | Killed Polyphemus
 22994 | Shoals:3 | Reached skill level 17 in Fighting
 23275 | Shoals:4 | Entered Level 4 of the Shoals
 23527 | Shoals:4 | Reached skill level 10 in Armour
 23532 | Shoals:4 | Killed from afar by a merfolk aquamancer

Illustrated notes

Levels and vault maps discovered:
D:1:      mrwooster_arrival_statue, layout_loops_ring, patterned_corridor
D:2:      layout_basic, nicolae_ecumenical_snake_handling, grunt_ministairs_12,
          st_stairs_13, uniq_jessica
D:3:      cheibrodos_pilgrimage, layout_basic, nicolae_titane, uniq_natasha
D:4:      layout_cave_pools, nicolae_hepliaklqana_monster_ancestors
D:5:      layout_basic, kennysheep_mini
D:6:      layout_loops_ring, chequers_temple_overflow_minitemple,
          minmay_temple_entry_glass, minmay_fountain_box, lemuel_flame_loot_1,
          uniq_edmund
D:7:      layout_basic, mainiacjoe_overflow_alcove_1,
          nicolae_shop_overcharged_wands
D:8:      layout_basic, mainiacjoe_overflow_concentric_impassable,
          gammafunk_ghost_arena, nicolae_eternal_life, amcnicky_mini_pool_medium
D:9:      layout_gridville, dpeg_lair_monsters
D:10:     layout_long_grid, grunt_temple_overflow_diamond,
          nicolae_dithmenos_the_darkroom
D:11:     layout_long_grid, serial_shops, bzr_entry_dummy
D:12:     layout_loops_ring, hiddenorc1_lemuel, nicolae_sextant
D:13:     layout_roguey, david_vaults_2, minmay_more_statues
D:14:     layout_gridville, nicolae_trove_entry_path_of_doom, uniq_louise,
          uniq_agnes, uniq_frances
D:15:     hangedman_depths_entry_civil_slaughter, layout_loops_cross,
          ashenzari_conservatory_becter, zin_angel, uniq_nessos
Temple:   pf_slime_end_temple
Lair:1:   layout_chaotic_city, pond, uniq_amaemon, uniq_grum
Lair:2:   layout_cellular_growth, minmay_shoals_entry_hut, spider_nest_entry_a,
          nicolae_quartered_pool_little
Lair:3:   layout_cave_pods
Lair:4:   layout_cave_pods, nicolae_slime_entry_slimehenge,
          gauntlet_entry_generic, grunt_megastairs_1
Lair:5:   evilmike_catoblepas_cave, layout_gridlike, serial_rivers,
          chequers_serial_rivers_large_a, chequers_serial_rivers_small_3,
          chequers_serial_rivers_small_b, chequers_serial_rivers_micro_a,
          chequers_serial_rivers_micro_c, chequers_serial_rivers_small_a,
          minmay_lair_oklob_bushes, bobbens_ice_dragon_lair, uniq_urug,
          uniq_josephine
Shoals:1: layout_shoals, serial_shops, nicolae_diamond_shop,
          nicolae_shoals_lost_giant_baths, nicolae_shoals_dead_sea_scrolls
Shoals:2: layout_shoals, uniq_nikola, uniq_ilsuiw, uniq_aizul
Shoals:3: layout_shoals, serial_shops, shop_fountains, lightli_airlock,
          uniq_polyphemus, uniq_kirke
Shoals:4: shoals_end_grunt_ice, layout_shoals, serial_shops,
          nicolae_shop_waterfront
Spider:1: layout_spider_delve
Spider:2: layout_chambers, uniq_arachne
Spider:3: cheibrodos_spider_silkery
Spider:4: grunt_spider_rune_parallel, nicolae_spider_webbed_stairs
Slime:1:  layout_caves, cheibrodos_slime_lost_civilization_4
Slime:2:  cheibrodos_slime_lost_civilization_2, layout_caves
Slime:3:  layout_caves
Slime:4:  layout_caves
Slime:5
Depths:1: layout_big_octagon, hell_entry, rand_demon_pan_entry_3,
          serial_sigils_hangedman_scar, vehumet_crystals, uniq_enchantress

Skill      XL: |  1  2  3  4  5  6  7  8  9 10 11 12 13 14 15 16 17 |
---------------+----------------------------------------------------+-----
Ranged Weapons | 1 2 3 4 6 7 8 10 11 13 | 13.1
Fighting       | 3 4 5 6 8 9 10 11 14 15 16 17 | 17.1
Armour         | 1 2 3 4 5 6 7 9 10 | 10.0
Long Blades    | 3 7 9 11 13 14 | 14.0
Evocations     | 1 4 6 8 |  8.0
Dodging        | 2 |  2.4
Translocations | 3 7 9 11 12 | 12.4
Spellcasting   | 5 6 7 8 |  8.9
Throwing       | |  0.8

Action                   |  1- 3 |  4- 6 |  7- 9 | 10-12 | 13-15 | 16-18 || total
-------------------------+-------+-------+-------+-------+-------+-------++-------
Melee: Falchion          |     2 |       |    13 |   419 |   506 |   324 ||  1264
       Whip              |       |    54 |   193 |       |       |       ||   247
       Punch             |       |       |     3 |     5 |     7 |     5 ||    20
       Bite              |       |       |       |       |    34 |    36 ||    70
 Fire: Arbalest          |    76 |    89 |    47 |    13 |   346 |   360 ||   931
Throw: Boomerang         |       |     2 |       |       |       |       ||     2
 Cast: Lesser Beckoning  |       |       |       |       |       |     1 ||     1
Invok: Oozemancy         |       |       |       |     2 |     5 |     4 ||    11
  Use: Scroll            |       |     3 |     6 |     6 |    12 |    10 ||    37
       Potion            |       |       |     1 |     5 |     1 |     4 ||    11
 Stab: Distracted        |       |       |       |       |     1 |       ||     1
       Sleeping          |       |       |       |       |     1 |     1 ||     2
       Confused          |       |       |       |       |       |     7 ||     7
       Invisible         |       |       |       |       |       |     1 ||     1
Armor: Ring mail         |    33 |    67 |     3 |       |       |       ||   103
       Chain mail        |       |       |   159 |   364 |   418 |   301 ||  1242
       Skin              |       |       |       |     4 |       |       ||     4
Dodge: Dodged            |    33 |    85 |    83 |   235 |   384 |   264 ||  1084

Table legend: (Time is in decaauts)
 A = Elapsed time spent in this place.
 B = Non-inter-level travel time spent in this place.
 C = Inter-level travel time spent in this place.
 D = Time resting spent in this place.
 E = Time spent auto-exploring this place.
 F = Levels seen in this place.
 G = Mean time per level.
                   A        B        C        D        E       F      G
               +--------+--------+--------+--------+--------+-----+--------+
         Total |  24023 |  22596 |   1427 |   1562 |  14784 |  39 |  616.0 |
       Dungeon |  12190 |  11372 |    818 |   1261 |   7522 |  15 |  812.7 |
        Temple |    149 |    134 |     15 |      0 |    109 |   1 |  149.0 |
          Lair |   4509 |   4195 |    314 |     21 |   3242 |   5 |  901.8 |
        Shoals |   2321 |   2277 |     44 |    173 |   1211 |   4 |  580.2 |
   Spider Nest |   3390 |   3266 |    124 |    104 |   2306 |   4 |  847.5 |
    Slime Pits |    614 |    505 |    109 |      0 |    352 |   5 |  122.8 |
        Depths |     51 |     51 |      0 |      0 |      2 |   1 |   51.0 |
         Abyss |    312 |    312 |      0 |      3 |      0 |   2 |  156.0 |
        Bazaar |    118 |    118 |      0 |      0 |      0 |   1 |  118.0 |
      Gauntlet |    364 |    364 |      0 |      0 |     40 |   1 |  364.0 |
               +--------+--------+--------+--------+--------+-----+--------+

Top non-repeatable levels by time:
     D:8: 1232 daAuts
Spider:2: 1160 daAuts
  Lair:5: 1057 daAuts
  Lair:2: 1040 daAuts
     D:3: 982 daAuts
Shoals:3: 951 daAuts
     D:6: 949 daAuts
  Lair:4: 939 daAuts
Shoals:2: 934 daAuts
Spider:1: 909 daAuts
     D:4: 897 daAuts
     D:2: 892 daAuts
    D:11: 848 daAuts
    D:15: 844 daAuts
    D:14: 841 daAuts
